 Dungeon Crawl Stone Soup version 0.21-a0-142-gdd972a7 (webtiles) character file.

135692 drasked the Executioner (level 16, -1/157 HPs)
             Began as a Minotaur Berserker on July 22, 2017.
             Was the Champion of Trog.
             Slain by a swamp dragon (2 damage)
             ... on level 4 of the Swamp.
             The game lasted 01:30:19 (31370 turns).

drasked the Executioner (Minotaur Berserker)       Turns: 31370, Time: 01:30:21

Health: -1/157     AC: 29    Str: 25    XL:     16   Next: 65%
Magic:  5/5        EV:  9    Int: 11    God:    Trog [******]
Gold:   2411       SH:  0    Dex: 13    Spells: 15/15 levels left

rFire    + . .     SeeInvis .   I - +4 executioner's axe (antimagic)
rCold    + . .     Gourm    +   (shield currently unavailable)
rNeg     . . .     Faith    .   N - +2 plate armour {rF+}
rPois    +         Spirit   .   o - +0 hat {MR+}
rElec    .         Reflect  .   K - +1 cloak
rCorr    .         Harm     .   m - +1 pair of gloves
MR       ++++.                  Y - +2 pair of boots "Haocod" {Regen+}
Stlth    ..........             D - amulet of the gourmand {Gourm, !d}
HPRegen  1.76/turn              G - ring of poison resistance {rPois, !d}
MPRegen  0.09/turn              h - ring "Ifadiav" {rC+ Int+4 Dex+2}

@: lethally poisoned (-1 -> -1), about to teleport, regenerating
A: retaliatory headbutt, horns 2
a: Berserk, Trog's Hand, Brothers in Arms, Burn Spellbooks, Renounce Religion


You were on level 4 of the Swamp.
You worshipped Trog.
Trog was exalted by your worship.
You were very full.

You visited 4 branches of the dungeon, and saw 27 of its levels.
You also visited: Sewer and Volcano.

You collected 2711 gold pieces.
You spent 300 gold pieces at shops.

Inventory:

Hand Weapons
 t - a +2 executioner's axe of electrocution
   (Trog gifted it to you on level 14 of the Dungeon)
 I - a +4 antimagic executioner's axe (weapon)
   (Trog gifted it to you on level 3 of the Swamp)
Armour
 a - a +1 pair of boots of flying
   (You found it in a volcano)
 m - a +1 pair of gloves (worn)
   (You found it on level 6 of the Lair of Beasts)
 o - a +0 hat of magic resistance (worn)
   (You acquired it on level 6 of the Lair of Beasts)
 K - a +1 cloak (worn)
   (You found it on level 8 of the Dungeon)
 N - a +2 plate armour of fire resistance (worn)
   (You found it in a volcano)
 Y - the +2 pair of boots "Haocod" (worn) {Regen+}
   (You found it in a volcano)

   It increases your rate of regeneration.
Jewellery
 h - the ring "Ifadiav" (right hand) {rC+ Int+4 Dex+2}
   (You acquired it on level 5 of the Lair of Beasts)

   [ring of protection from cold]

   It affects your intelligence (+4).
   It affects your dexterity (+2).
   It protects you from cold.
 z - an uncursed ring of see invisible {sInv, !d}
   (You found it on level 6 of the Dungeon)
 D - an amulet of the gourmand (around neck) {Gourm, !d}
   (You found it on level 6 of the Dungeon)
 G - a ring of poison resistance (left hand) {rPois, !d}
   (You bought it in a shop on level 2 of the Orcish Mines)
Wands
 P - a wand of digging (13/24)
   (You found it on level 10 of the Dungeon)
 V - a wand of digging (0/24)
   (You found it on level 13 of the Dungeon)
Scrolls
 b - 5 scrolls of teleportation
 d - 4 scrolls of recharging
 f - 4 scrolls of fear
 g - 3 scrolls of magic mapping {!r}
 u - 3 scrolls of blinking {!r}
 x - 5 scrolls of enchant armour
 y - 9 scrolls of remove curse
 H - 3 scrolls of identify
 M - 3 scrolls of fog
 Q - 2 scrolls of holy word {!r}
 R - a scroll of enchant weapon
 S - 2 scrolls of summoning
Potions
 e - 2 potions of agility
 i - 7 potions of curing
 p - 4 potions of haste
 q - 3 potions of heal wounds
 r - 8 potions of flight
 s - 2 potions of brilliance
 v - 3 potions of magic
 A - 2 potions of invisibility
 C - 3 potions of berserk rage {!q}
 E - 3 potions of lignification {!q}
 F - 4 potions of might
 L - a potion of ambrosia
 W - 2 potions of cancellation
 Z - 3 potions of resistance
Books
 B - a book of Transfigurations
   (You found it on level 15 of the Dungeon)
 T - a book of Minor Magic
   (You found it on level 15 of the Dungeon)
Comestibles
 c - 15 bread rations {@e1}
 j - 8 meat rations {@e2}
 k - 16 royal jellies
 w - 23 fruits


   Skills:
 + Level 17.8 Fighting
 * Level 23.3 Axes
 + Level 17.0 Armour
 - Level 2.1 Dodging


You had 15 spell levels left.
You didn't know any spells.

Dungeon Overview and Level Annotations

Branches:
Dungeon (15/15)            Temple (0/1) D:4            Lair (6/6) D:8
  Swamp (4/4) Lair:2        Snake (0/4) Lair:2        Slime (0/5) Lair:5
    Orc (2/2) D:11            Elf (0/3) Orc:2        Vaults (0/5) D:14
 Depths (0/5) D:15

Altars:
Ashenzari
Cheibriados
Elyvilon
Nemelex Xobeh
Okawaru
Qazlal
Ru
Trog
Xom
Yredelemnul
Zin
Beogh
Jiyva

Shops:
Orc:2 ([(=}

Annotations:
Swamp:3 exclusion: Roxanne, Roxanne


Innate Abilities, Weirdness & Mutations

You reflexively headbutt those who attack you in melee.
You have a pair of horns on your head.


Message History

Trog accepts your kill.
Angry insects surge out from beneath the shambling mangrove's foliage!
The grasping roots settle back into the ground.
You chop one of the seven-headed hydra's heads off!
The six-headed hydra grows two more!
You slice the eight-headed hydra!! You barely miss the swamp dragon.
The eight-headed hydra bites you but does no damage. x2
The eight-headed hydra bites you!
* * * LOW HITPOINT WARNING * * *
The eight-headed hydra bites you but does no damage. x5
The alligator is engulfed in noxious fumes.
The alligator appears confused.
Your stone giant splashes around in the water.
The swamp dragon bites you but does no damage.
The swamp dragon barely misses you.
The swamp dragon tramples you but does no damage.
A swamp drake comes into view.
You take 9 damage, and have 22/157 hp.
As you read the scroll of teleportation, it crumbles to dust.
You feel strangely unstable. The eight-headed hydra bites you.
* * * LOW HITPOINT WARNING * * *
The eight-headed hydra bites you but does no damage.
The eight-headed hydra barely misses you.
The eight-headed hydra bites you but does no damage.
The eight-headed hydra closely misses you.
The eight-headed hydra bites you.
* * * LOW HITPOINT WARNING * * *
The eight-headed hydra bites you but does no damage.
The eight-headed hydra bites you.
* * * LOW HITPOINT WARNING * * *
The hornet is engulfed in noxious fumes.
The hornet stings you but does no damage.
The shadow hits you. The swamp drake bites you!
* * * LOW HITPOINT WARNING * * *
The swamp dragon breathes poison at you.
The blast of poison engulfs you! You resist.
The alligator barely misses the hornet.
The alligator tail-slaps the hornet but does no damage.
You hear a roar! x2
A swamp dragon comes into view.
You take 10 damage, and have 12/157 hp.
You feel much better.
You feel sick.
The hornet stings you but does no damage.
The eight-headed hydra bites you.
* * * LOW HITPOINT WARNING * * *
The eight-headed hydra bites you but does no damage.
The eight-headed hydra closely misses you.
The eight-headed hydra bites you but does no damage.
The eight-headed hydra bites you.
* * * LOW HITPOINT WARNING * * *
The eight-headed hydra bites you but does no damage. x3
The shadow hits you.
The swamp drake bites you but does no damage.
The swamp dragon bites you but does no damage.
The swamp dragon claws you but does no damage.
The swamp dragon tramples you but does no damage.
The hornet closely misses you.
You regained 10 hp, and now have 22/157 hp.
You hit the shadow. You hit the hornet but do no damage.
You hit the swamp dragon.
You hack one of the eight-headed hydra's heads off!
The seven-headed hydra grows two more!
You hit the nine-headed hydra. You hit the swamp drake.
The nine-headed hydra bites you but does no damage.
The nine-headed hydra barely misses you.
The nine-headed hydra bites you but does no damage. x2
The nine-headed hydra bites you.
* * * LOW HITPOINT WARNING * * *
The nine-headed hydra bites you but does no damage. x2
The nine-headed hydra bites you.
* * * LOW HITPOINT WARNING * * *
The nine-headed hydra bites you but does no damage.
The shadow hits you.
The hornet stings you but does no damage.
The swamp drake breathes noxious fumes at you.
The noxious blast misses you.
The swamp dragon bites you but does no damage.
The swamp dragon claws you but does no damage.
The swamp dragon tramples you.
* * * LOW HITPOINT WARNING * * *
You hold your ground!
You take 8 damage, and have 14/157 hp.
Your stone giant seems less confused.
The hornet is engulfed in noxious fumes.
The hornet appears confused.
Your stone giant rages.
The nine-headed hydra bites you but does no damage.
The nine-headed hydra completely misses you.
The nine-headed hydra bites you.
* * * LOW HITPOINT WARNING * * *
The nine-headed hydra barely misses you.
The nine-headed hydra bites you but does no damage. x4
The nine-headed hydra bites you.
* * * LOW HITPOINT WARNING * * *
The shadow closely misses you. You furiously retaliate!
You headbutt the shadow. The swamp dragon bites you.
* * * LOW HITPOINT WARNING * * *
The swamp dragon claws you.
You die...

≈. ≈.. t. ≈ #≈≈♣
♣♣♣♣. ≈.
♣≈.♣♣..♣. ≈≈.
♣≈.§≈≈.♣ ....
.##....§y♣ ≈....
....≈.≈kk♣♣≈...♣♣
♣.kDkD@W≈≈≈≈≈≈
♣.≈≈kDD§≈≈.≈≈.
#.≈.≈.$≈y≈≈≈..≈.
#...D♣♣≈C≈≈.≈....
≈≈.. .≈≈≈♣♣♣♣≈..
..≈ ..≈≈.≈ ≈. ≈.
≈≈≈§≈..≈ . ≈
.≈..≈≈..♣♣
.≈≈....♣


You could see a nine-headed hydra, 4 swamp dragons, 2 lindwurms, 2 hornets, 3
swamp drakes, a shadow and a friendly stone giant (berserk).

Vanquished Creatures
  2 thorn hunters
  Donald (Swamp:3)
  A fire giant (D:15)
  An orc warlord (Orc:2)
  A very ugly thing (Swamp:3)
  The ghost of Leszczynek the Grappler, a journeyman TrSk of Cheibriados (Orc:1)
  Josephine (Orc:2)
  Fannar (Lair:1)
  2 vault guards (D:14)
  7 hydras
  2 centaur warriors
  A death knight (D:14)
  A dancing weapon (Volcano)
  3 two-headed ogres
  5 alligators
  6 death yaks (Lair:5)
  4 tengu warriors
  7 hell knights (D:14)
  8 unseen horrors
  A shambling mangrove (Swamp:4)
  6 wizards
  5 swamp dragons
  Pikel (D:8)
  A harpy (shapeshifter) (D:15)
  2 orc knights
  8 ugly things
  4 necromancers (D:14)
  4 orc sorcerers (Orc:2)
  2 deep elf magi
  A cyclops (D:11)
  16 elephants
  An oklob plant (Lair:3)
  2 manticores
  5 toenail golems (Volcano)
  Joseph (D:7)
  Psyche (D:11)
  8 black mambas
  29 spiny frogs
  3 gargoyles
  A rime drake (Lair:1)
  A freezing wraith (D:15)
  7 komodo dragons
  A tengu conjurer (D:15)
  4 trolls
  A queen bee (D:9)
  9 hornets
  10 tyrant leeches
  A polar bear (Lair:6)
  23 blink frogs (Lair:6)
  3 bog bodies (Swamp:1)
  15 slime creatures
  10 hippogriffs
  7 wraiths
  A vampire (D:13)
  6 spriggans
  2 shadows
  42 yaks
  2 basilisks
  A steam dragon (D:9)
  5 wyverns
  3 hungry ghosts
  19 humans (D:14)
  39 vampire mosquitoes
  Menkaure (D:7)
  22 insubstantial wisps
  7 swamp worms
  6 wargs
  19 water moccasins
  A soldier ant (D:11)
  7 porcupines
  A floating eye (shapeshifter) (D:14)
  7 hell hounds (D:14)
  7 swamp drakes
  4 sky beasts
  3 phantoms
  25 orc warriors
  3 ice beasts
  4 black bears
  A slave (D:8)
  2 necrophages
  12 ogres
  12 wolves
  8 centaurs
  17 crocodiles
  29 bullfrogs
  A big kobold (D:11)
  A gnoll sergeant (D:10)
  A wyvern skeleton (D:7)
  9 scorpions
  A scorpion (shapeshifter) (D:15)
  31 killer bees
  3 wights (D:13)
  A howler monkey (D:6)
  8 electric eels
  5 centaur zombies
  5 crimson imps
  A quasit (D:8)
  A bullfrog zombie (D:12)
  A bullfrog skeleton (D:9)
  6 hounds
  25 orc wizards
  4 centaur skeletons
  2 jellies
  19 orc priests
  5 iguanas
  10 worker ants
  2 human simulacra (D:9)
  A hound skeleton (D:4)
  7 gnolls
  14 adders
  2 shadow imps
  5 oozes
  4 worms
  4 dart slugs
  4 leopard geckos
  100 orcs
  8 ball pythons
  8 bats
  3 giant cockroaches
  14 goblins
  10 hobgoblins
  9 jackals
  5 quokkas
  4 frilled lizards
  24 kobolds
  2 quokka skeletons
  10 rats
  2 fungi
  3 plants
952 creatures vanquished.

Vanquished Creatures (collateral kills)
  3 hydras
  A spiny frog (Lair:6)
  A komodo dragon (Lair:6)
  A blink frog (Lair:6)
6 creatures vanquished.

Vanquished Creatures (others)
  An orc priest (Orc:2)
  A jelly (D:9)
  A worker ant (D:8)
  An orc (Orc:2)
  3 briar patches (Swamp:1)
  11 fungi
  49 plants
67 creatures vanquished.

Grand Total: 1025 creatures vanquished

Notes
Turn   | Place    | Note
-------+----------+-------------------------------------------
     0 | D:1      | drasked the Minotaur Berserker began the quest for the Orb.
     0 | D:1      | Reached XP level 1. HP: 19/19 MP: 0/0
   324 | D:1      | Reached skill level 4 in Axes
   328 | D:1      | Reached XP level 2. HP: 24/27 MP: 1/1
   394 | D:1      | Found a shattered altar of Ashenzari.
   615 | D:1      | Reached skill level 4 in Fighting
   959 | D:1      | Reached XP level 3. HP: 33/33 MP: 2/2
  1177 | D:2      | Reached skill level 5 in Axes
  1494 | D:2      | Reached ** piety under Trog
  1624 | D:2      | Reached XP level 4. HP: 34/41 MP: 3/3
  1966 | D:3      | Found a shimmering altar of Xom.
  2118 | D:3      | Found a snail-covered altar of Cheibriados.
  2260 | D:3      | Reached skill level 5 in Fighting
  2260 | D:3      | Reached XP level 5. HP: 28/48 MP: 4/4
  2681 | D:3      | Found a sacrificial altar of Ru.
  2711 | D:3      | Reached skill level 6 in Axes
  2945 | D:4      | Noticed an ogre
  2948 | D:4      | Found a staircase to the Ecumenical Temple.
  3067 | D:4      | Reached skill level 3 in Armour
  3350 | D:4      | Reached XP level 6. HP: 51/56 MP: 5/5
  3356 | D:4      | Reached *** piety under Trog
  3472 | D:4      | Reached skill level 7 in Axes
  4269 | D:5      | Entered Level 5 of the Dungeon
  4299 | D:5      | Reached skill level 4 in Armour
  4357 | D:5      | Found a glowing drain.
  4380 | Sewer    | Entered a sewer
  4716 | D:5      | Found a bloodstained altar of Trog.
  4806 | D:5      | Reached skill level 6 in Fighting
  4806 | D:5      | Reached XP level 7. HP: 27/63 MP: 6/6
  5276 | D:6      | Reached skill level 8 in Axes
  5304 | D:6      | Reached skill level 5 in Armour
  5517 | D:6      | Reached **** piety under Trog
  5677 | D:6      | Reached skill level 9 in Axes
  5677 | D:6      | Reached XP level 8. HP: 64/71 MP: 7/7
  6011 | D:7      | Found a shimmering altar of Xom.
  6048 | D:7      | Noticed Joseph
  6066 | D:7      | Killed Joseph
  6066 | D:7      | Reached skill level 7 in Fighting
  6066 | D:7      | Reached skill level 6 in Armour
  6185 | D:7      | Noticed Menkaure
  6195 | D:7      | Killed Menkaure
  6195 | D:7      | Reached skill level 10 in Axes
  6279 | D:7      | HP: 18/74 [poisoned by a killer bee]
  6284 | D:7      | HP: 16/74 [poisoned by a killer bee]
  6289 | D:7      | HP: 15/74 [poisoned by a killer bee]
  6296 | D:7      | HP: 15/74 [poisoned by a killer bee]
  6304 | D:7      | HP: 15/74 [poisoned by a killer bee]
  6641 | D:7      | Reached skill level 8 in Fighting
  6735 | D:7      | Noticed a hippogriff
  6754 | D:7      | Killed a hippogriff
  6754 | D:7      | Reached XP level 9. HP: 35/81 MP: 8/8
  7097 | D:7      | Reached skill level 11 in Axes
  7104 | D:7      | Reached skill level 7 in Armour
  7281 | D:7      | Found a stormy altar of Qazlal.
  7282 | D:7      | Found a glowing silver altar of Zin.
  7905 | D:8      | Reached skill level 9 in Fighting
  8187 | D:8      | Found a basalt altar of Yredelemnul.
  8331 | D:8      | Noticed a two-headed ogre
  8337 | D:8      | Killed a two-headed ogre
  8337 | D:8      | Reached skill level 12 in Axes
  8337 | D:8      | Reached skill level 8 in Armour
  8405 | D:8      | Reached ***** piety under Trog
  8686 | D:8      | Found a white marble altar of Elyvilon.
  8730 | D:8      | Found an iron altar of Okawaru.
  8794 | D:8      | Noticed Pikel
  8803 | D:8      | Killed Pikel
  8803 | D:8      | Reached XP level 10. HP: 93/93 MP: 9/9
  8808 | D:8      | Found a staircase to the Lair.
  9168 | D:8      | Received a gift from Trog
  9205 | D:8      | Found a snail-covered altar of Cheibriados.
  9299 | D:8      | Reached skill level 13 in Axes
  9398 | D:9      | Reached skill level 10 in Fighting
  9656 | D:9      | Reached skill level 9 in Armour
  9906 | D:9      | HP: 35/141 [poisoned by a killer bee]
  9910 | D:9      | HP: 12/94 [killer bee (7)]
  9916 | D:9      | HP: 11/94 [poisoned by a killer bee]
  9917 | D:9      | HP: 4/94 [killer bee (7)]
  9918 | D:9      | HP: 1/94 [killer bee (2)]
  9923 | D:9      | HP: 5/94 [poisoned by a killer bee]
  9928 | D:9      | HP: 5/94 [poisoned by a killer bee]
  9934 | D:9      | HP: 10/94 [poisoned by a killer bee]
  9941 | D:9      | HP: 17/94 [poisoned by a killer bee]
  9949 | D:9      | HP: 18/94 [poisoned by a killer bee]
 10523 | D:10     | Entered Level 10 of the Dungeon
 11076 | D:10     | Reached skill level 14 in Axes
 11173 | D:10     | Reached skill level 10 in Armour
 11314 | D:10     | Noticed a gargoyle
 11318 | D:10     | Reached skill level 11 in Fighting
 11320 | D:10     | Reached XP level 11. HP: 93/102 MP: 10/10
 11615 | Lair:1   | Entered Level 1 of the Lair of Beasts
 11906 | Lair:1   | Noticed a four-headed hydra
 11926 | Lair:1   | Killed a seven-headed hydra
 12115 | Lair:1   | Noticed Fannar
 12131 | Lair:1   | Killed Fannar
 12422 | Lair:1   | Received a gift from Trog
 12428 | Lair:1   | Reached skill level 15 in Axes
 13271 | Lair:2   | Noticed an eight-headed hydra
 13279 | Lair:2   | HP: 26/104 [poisoned by a spiny frog]
 13284 | Lair:2   | HP: 16/104 [poisoned by a spiny frog]
 13289 | Lair:2   | HP: 10/104 [poisoned by a spiny frog]
 13294 | Lair:2   | HP: 6/104 [poisoned by a spiny frog]
 13299 | Lair:2   | HP: 3/104 [poisoned by a spiny frog]
 13304 | Lair:2   | HP: 6/104 [poisoned by a spiny frog]
 13309 | Lair:2   | HP: 10/104 [poisoned by a spiny frog]
 13316 | Lair:2   | HP: 17/104 [poisoned by a spiny frog]
 13324 | Lair:2   | HP: 25/104 [poisoned by a spiny frog]
 13516 | Lair:2   | Reached skill level 11 in Armour
 13850 | Lair:2   | Killed a nine-headed hydra
 13850 | Lair:2   | Reached skill level 12 in Fighting
 13869 | Lair:2   | Found a staircase to the Snake Pit.
 13938 | Lair:2   | HP: 26/104 [yak (4)]
 14019 | Lair:2   | HP: 26/104 [poisoned by a spiny frog]
 14024 | Lair:2   | HP: 23/104 [poisoned by a spiny frog]
 14030 | Lair:2   | HP: 20/104 [poisoned by a spiny frog]
 14036 | Lair:2   | HP: 19/104 [poisoned by a spiny frog]
 14041 | Lair:2   | HP: 18/104 [poisoned by a spiny frog]
 14050 | Lair:2   | HP: 19/104 [poisoned by a spiny frog]
 14591 | Lair:2   | Reached skill level 16 in Axes
 14862 | Lair:2   | Reached XP level 12. HP: 111/112 MP: 11/11
 15370 | Lair:2   | Found a staircase to the Swamp.
 15593 | Lair:3   | Reached skill level 12 in Armour
 15618 | Lair:3   | Noticed an eight-headed hydra
 15625 | Lair:3   | HP: 28/113 [ten-headed hydra (2)]
 15626 | Lair:3   | Killed an 11-headed hydra
 15626 | Lair:3   | HP: 11/113 [water moccasin (3)]
 15981 | Lair:3   | Reached skill level 13 in Fighting
 16130 | Lair:3   | Reached skill level 17 in Axes
 16672 | Lair:4   | Found a dark tunnel.
 16683 | Volcano  | Entered a volcano
 16819 | Volcano  | Got a pair of warped boots
 16865 | Volcano  | Identified the +2 pair of boots "Haocod" {Regen+} (You found it in a volcano)
 17343 | Lair:4   | Reached XP level 13. HP: 104/122 MP: 12/12
 18100 | Lair:5   | Reached skill level 18 in Axes
 18103 | Lair:5   | Reached skill level 13 in Armour
 18174 | Lair:5   | HP: 27/123 [yak (4)]
 18176 | Lair:5   | Reached skill level 14 in Fighting
 18179 | Lair:5   | HP: 20/124 [poisoned by a black mamba]
 18184 | Lair:5   | HP: 13/124 [poisoned by a black mamba]
 18189 | Lair:5   | HP: 10/124 [poisoned by a black mamba]
 18195 | Lair:5   | HP: 8/124 [poisoned by a black mamba]
 18202 | Lair:5   | HP: 7/124 [poisoned by a black mamba]
 18209 | Lair:5   | HP: 7/124 [poisoned by a black mamba]
 18217 | Lair:5   | HP: 7/124 [poisoned by a black mamba]
 18641 | Lair:5   | Identified a scroll of acquirement
 18642 | Lair:5   | Got a coiled amber ring
 18644 | Lair:5   | Identified the ring "Ifadiav" {rC+ Int+4 Dex+2} (You acquired it on level 5 of the Lair of Beasts)
 18942 | Lair:5   | Found a staircase to the Slime Pits.
 18943 | Lair:5   | Found a viscous altar of Jiyva.
 19225 | Lair:6   | Entered Level 6 of the Lair of Beasts
 19466 | Lair:6   | Reached skill level 19 in Axes
 19474 | Lair:6   | Received a gift from Trog
 20023 | Lair:6   | Reached skill level 14 in Armour
 20046 | Lair:6   | Reached XP level 14. HP: 108/133 MP: 13/13
 20156 | Lair:6   | HP: 33/133 [poisoned by a spiny frog]
 20161 | Lair:6   | HP: 30/133 [poisoned by a spiny frog]
 20167 | Lair:6   | HP: 28/133 [poisoned by a spiny frog]
 20174 | Lair:6   | HP: 27/133 [poisoned by a spiny frog]
 20181 | Lair:6   | HP: 27/133 [poisoned by a spiny frog]
 20189 | Lair:6   | HP: 28/133 [poisoned by a spiny frog]
 20391 | Lair:6   | Reached skill level 15 in Fighting
 20457 | Lair:6   | HP: 25/135 [black mamba (11)]
 20462 | Lair:6   | HP: 16/135 [poisoned by a black mamba]
 20467 | Lair:6   | HP: 12/135 [poisoned by a black mamba]
 20473 | Lair:6   | HP: 10/135 [poisoned by a black mamba]
 20479 | Lair:5   | HP: 9/135 [poisoned by a black mamba]
 20486 | Lair:5   | HP: 10/135 [poisoned by a black mamba]
 20494 | Lair:5   | HP: 10/135 [poisoned by a black mamba]
 21694 | D:11     | Reached skill level 20 in Axes
 21697 | D:11     | Noticed Psyche
 21703 | D:11     | Received a gift from Trog
 21704 | D:11     | Killed Psyche
 21710 | D:11     | Found a staircase to the Orcish Mines.
 22649 | D:12     | Found a sparkling altar of Nemelex Xobeh.
 23356 | D:13     | Received a gift from Trog
 23399 | D:13     | Found a shimmering altar of Xom.
 23522 | D:13     | Reached skill level 15 in Armour
 24041 | D:14     | Reached ****** piety under Trog
 24085 | D:14     | Reached XP level 15. HP: 143/143 MP: 14/14
 24086 | D:14     | Reached skill level 16 in Fighting
 24090 | D:14     | Reached skill level 21 in Axes
 24109 | D:14     | Found a gate to the Vaults.
 24237 | D:14     | Got a distressingly furry robe
 24248 | D:14     | Identified the +0 robe of the Trombone {rN+} (You found it on level 14 of the Dungeon)
 24369 | D:14     | Paralysed by a floating eye for 4 turns
 24444 | D:14     | You fall through a shaft!
 24444 | D:15     | Entered Level 15 of the Dungeon
 24985 | D:14     | Received a gift from Trog
 25874 | D:15     | Found a staircase to the Depths.
 25874 | D:15     | Noticed a fire giant
 26045 | D:15     | Killed a fire giant
 26121 | D:15     | Received a gift from Trog
 26414 | Orc:1    | Entered Level 1 of the Orcish Mines
 26414 | Orc:1    | Noticed Leszczynek's ghost (journeyman TrSk)
 26428 | Orc:1    | Reached skill level 22 in Axes
 26431 | Orc:1    | Killed Leszczynek's ghost
 26436 | Orc:1    | HP: 51/219 [orc priest/nerve-wracking pain (13)]
 26444 | Orc:1    | HP: 24/146 [orc/trident (5)]
 26452 | Orc:1    | HP: 25/146 [orc/trident (3)]
 27112 | Orc:1    | Reached skill level 16 in Armour
 27351 | Orc:2    | Entered Level 2 of the Orcish Mines
 27394 | Orc:2    | Found a roughly hewn altar of Beogh.
 27401 | Orc:2    | Found Toecs's Jewellery Boutique.
 27447 | Orc:2    | Found a roughly hewn altar of Beogh.
 27496 | Orc:2    | Found Qearaogh's Weapon Shoppe.
 27501 | Orc:2    | Noticed Josephine
 27508 | Orc:2    | Killed Josephine
 27543 | Orc:2    | Found a staircase to the Elven Halls.
 27864 | Orc:2    | Noticed an orc warlord
 27876 | Orc:2    | Killed an orc warlord
 27881 | Orc:2    | Received a gift from Trog
 27883 | Orc:2    | Reached skill level 17 in Fighting
 28052 | Orc:2    | Found Lajif's Antique Armour Emporium.
 28053 | Orc:2    | Found a roughly hewn altar of Beogh.
 28054 | Orc:2    | Found Toschu's Antique Weapon Shoppe.
 28094 | Orc:2    | Found a roughly hewn altar of Beogh.
 28174 | Orc:2    | Found a roughly hewn altar of Beogh.
 28248 | Orc:2    | Found a roughly hewn altar of Beogh.
 28252 | Orc:2    | Found Onleeko's Gadget Boutique.
 28347 | Orc:2    | Bought an uncursed ring of poison resistance for 300 gold pieces
 28553 | Swamp:1  | Entered Level 1 of the Swamp
 28868 | Swamp:1  | Reached XP level 16. HP: 152/155 MP: 15/15
 29217 | Swamp:1  | Noticed a thorn hunter
 29238 | Swamp:1  | HP: 38/155 [thorn hunter (11)]
 29242 | Swamp:1  | Killed a thorn hunter
 29243 | Swamp:1  | HP: 29/155 [swamp dragon (8)]
 29248 | Swamp:1  | HP: 35/155 [slime creature (1)]
 29249 | Swamp:1  | HP: 11/155 [slime creature (11)]
 29254 | Swamp:1  | Received a gift from Trog
 29816 | Swamp:2  | Noticed a thorn hunter
 29826 | Swamp:2  | Killed a thorn hunter
 30539 | Swamp:3  | Noticed Donald
 30548 | Swamp:3  | Killed Donald
 30548 | Swamp:3  | Reached skill level 23 in Axes
 30550 | Swamp:3  | Got a steaming robe
 30959 | Swamp:3  | Received a gift from Trog
 31154 | Swamp:3  | Noticed Roxanne
 31343 | Swamp:4  | Entered Level 4 of the Swamp
 31360 | Swamp:4  | HP: 37/157 [14-headed hydra (7)]
 31364 | Swamp:4  | Reached skill level 17 in Armour
 31364 | Swamp:4  | HP: 16/157 [lindwurm/blast of flame (14)]
 31369 | Swamp:4  | HP: 21/157 [nine-headed hydra (3)]
 31370 | Swamp:4  | HP: 6/157 [nine-headed hydra (5)]
 31370 | Swamp:4  | HP: 1/157 [swamp dragon (5)]
 31370 | Swamp:4  | Slain by a swamp dragon

Vault maps used:
D:1:      roderic_dead_forest, minmay_crystal_water, evilmike_ruin_ashenzari
D:3:      chequers_temple_overflow_statue_of_worship, kennysheep_slug_shrine
D:4:      minmay_temple_entry_from_below_a, first_bread
D:5:      bloody_trog, portal_sewer_entry_b, minmay_misc_feat_plants
D:7:      minitemple, minmay_misc_feat_roman, xom_teletrap_fun, uniq_joseph,
          uniq_menkaure
D:8:      kennysheep_ying_yang, lemuel_round_altar,
          lemuel_coloured_pillars_altar, lair_entry_dummy, serial_bayou,
          serial_bayou_pond_c, serial_bayou_ford_a, serial_bayou_lagoon_a,
          serial_bayou_crossing, serial_bayou_pond_d, minivault_5, uniq_pikel
D:9:      david_nohive_1, bh_circular_ruins
D:11:     david_orc_2, hex_intersection, uniq_psyche
D:12:     serial_glass, glass_columns_a, glass_columns_a, glass_columns_a,
          glass_columns_b, feat_on_display, minmay_strange_pillars, basic_altar,
          minmay_misc_feat_chi
D:13:     basic_altar, minmay_misc_feat_square
D:14:     grunt_vaults_entry_tiered, minivault_26, minmay_rotating_lava
D:15:     grunt_enter_depths_giant_problem, serial_glass, glass_columns_b,
          glass_columns_a, feat_on_display, item_on_display_a, feat_on_display,
          due_unseen_surprise
Lair:1:   grunt_megastairs_2, uniq_fannar
Lair:2:   minmay_swamp_entry_worms, minmay_snake_entry_six_corridors,
          disabler_island
Lair:3:   grunt_megastairs_1, minmay_lair_oklob_chamber, serial_bayou_shore_b
Lair:4:   enter_volcano_2, bh_autumn_forest_stairs
Lair:5:   slime_altar_1
Lair:6:   minmay_lair_end_frog_pond, st_stairs_4, serial_bayou_pond_d
Swamp:1:  evilmike_swamp_ruin_rubble_1, infiniplex_staircase_pool_2
Swamp:2:  cheibrodos_swamp_heart_of_darkness, nicolae_swamp_fairy_circle,
          swamp_pool2
Swamp:3:  evilmike_swamp_ruin_house_5, swamp_pool1, infiniplex_staircase_pool,
          uniq_roxanne, uniq_donald
Swamp:4:  swamp_alternative
Orc:2:    grunt_orc_community_town_hall, grunt_orc_community_big_house_1,
          grunt_orc_community_big_house_2, grunt_orc_community_house_1,
          grunt_orc_community_house_1, grunt_orc_community_house_1,
          grunt_orc_community_house_3, serial_shops, nicolae_shop_statue_plus,
          uniq_josephine
Sewer:    sewer_co_15_rooms
Volcano:  volcano_bunker

Skill      XL: |  1  2  3  4  5  6  7  8  9 10 11 12 13 14 15 16 |
---------------+-------------------------------------------------+-----
Axes           | 4 5 6 7 9 10 12 14 16 17 19 20 22 23 | 23.3
Fighting       | 4 5 6 8 9 11 12 13 14 15 17 | 17.8
Armour         | 3 4 5 6 8 10 11 12 14 15 16 17 | 17.0
Dodging        | |  2.1

Action                   |  1- 3 |  4- 6 |  7- 9 | 10-12 | 13-15 | 16-18 || total
-------------------------+-------+-------+-------+-------+-------+-------++-------
Melee: Hand axe          |    99 |   220 |   298 |    25 |       |       ||   642
       Headbutt          |    13 |    37 |    50 |    88 |   223 |    49 ||   460
       Battleaxe         |       |       |       |   406 |   773 |       ||  1179
       War axe           |       |       |       |       |    13 |       ||    13
       Executioner's axe |       |       |       |       |   276 |   259 ||   535
Throw: Javelin           |       |       |       |    13 |       |       ||    13
Invok: Berserk           |       |       |     8 |     3 |     3 |       ||    14
       Trog's Hand       |       |       |       |     2 |       |     2 ||     4
       Brothers in Arms  |       |       |       |     3 |     1 |     1 ||     5
       Burn Spellbooks   |       |       |       |     2 |     2 |     3 ||     7
Evoke: Wand              |       |       |       |       |     4 |       ||     4
  Use: Scroll            |       |     7 |       |    21 |    10 |     4 ||    42
       Potion            |       |       |       |     2 |       |     2 ||     4
 Stab: Sleeping          |     1 |       |       |       |       |       ||     1
  Eat: Chunk             |     2 |    10 |    18 |    39 |    52 |     8 ||   129
       Fruit             |       |       |     1 |       |       |       ||     1
       Meat ration       |       |       |     1 |       |       |       ||     1
Armor: Animal skin       |    16 |       |       |       |       |       ||    16
       Plate armour      |    23 |   126 |   154 |   356 |   723 |   338 ||  1720
Dodge: Dodged            |    48 |    65 |    88 |   200 |   368 |   150 ||   919

Vault maps used:
D:1:      roderic_dead_forest, minmay_crystal_water, evilmike_ruin_ashenzari
D:3:      chequers_temple_overflow_statue_of_worship, kennysheep_slug_shrine
D:4:      minmay_temple_entry_from_below_a, first_bread
D:5:      bloody_trog, portal_sewer_entry_b, minmay_misc_feat_plants
D:7:      minitemple, minmay_misc_feat_roman, xom_teletrap_fun, uniq_joseph,
          uniq_menkaure
D:8:      kennysheep_ying_yang, lemuel_round_altar,
          lemuel_coloured_pillars_altar, lair_entry_dummy, serial_bayou,
          serial_bayou_pond_c, serial_bayou_ford_a, serial_bayou_lagoon_a,
          serial_bayou_crossing, serial_bayou_pond_d, minivault_5, uniq_pikel
D:9:      david_nohive_1, bh_circular_ruins
D:11:     david_orc_2, hex_intersection, uniq_psyche
D:12:     serial_glass, glass_columns_a, glass_columns_a, glass_columns_a,
          glass_columns_b, feat_on_display, minmay_strange_pillars, basic_altar,
          minmay_misc_feat_chi
D:13:     basic_altar, minmay_misc_feat_square
D:14:     grunt_vaults_entry_tiered, minivault_26, minmay_rotating_lava
D:15:     grunt_enter_depths_giant_problem, serial_glass, glass_columns_b,
          glass_columns_a, feat_on_display, item_on_display_a, feat_on_display,
          due_unseen_surprise
Lair:1:   grunt_megastairs_2, uniq_fannar
Lair:2:   minmay_swamp_entry_worms, minmay_snake_entry_six_corridors,
          disabler_island
Lair:3:   grunt_megastairs_1, minmay_lair_oklob_chamber, serial_bayou_shore_b
Lair:4:   enter_volcano_2, bh_autumn_forest_stairs
Lair:5:   slime_altar_1
Lair:6:   minmay_lair_end_frog_pond, st_stairs_4, serial_bayou_pond_d
Swamp:1:  evilmike_swamp_ruin_rubble_1, infiniplex_staircase_pool_2
Swamp:2:  cheibrodos_swamp_heart_of_darkness, nicolae_swamp_fairy_circle,
          swamp_pool2
Swamp:3:  evilmike_swamp_ruin_house_5, swamp_pool1, infiniplex_staircase_pool,
          uniq_roxanne, uniq_donald
Swamp:4:  swamp_alternative
Orc:2:    grunt_orc_community_town_hall, grunt_orc_community_big_house_1,
          grunt_orc_community_big_house_2, grunt_orc_community_house_1,
          grunt_orc_community_house_1, grunt_orc_community_house_1,
          grunt_orc_community_house_3, serial_shops, nicolae_shop_statue_plus,
          uniq_josephine
Sewer:    sewer_co_15_rooms
Volcano:  volcano_bunker

Table legend:
 A = Turns spent in this place as a percentage of turns spent in the entire game.
 B = Non-inter-level travel turns spent in this place as a percentage of non-inter-level travel turns spent in the entire game.
 C = Inter-level travel turns spent in this place as a percentage of turns spent in this place.
 D = Turns resting spent in this place as a percentage of non-inter-level travel turns spent in this place.
 E = Turns spent auto-exploring this place as a percentage of non-inter-level travel turns spent in this place.
 F = Non-inter-level travel turns spent in this place divided by the number of levels of this place that you've seen.
                   A       B       C       D       E      F
               +-------+-------+-------+-------+-------+----------------------
         Total | 100.0 | 100.0 |   0.5 |   3.7 |   8.3 | 327.2
       Dungeon |  51.9 |  51.8 |   0.5 |   3.6 |   9.3 | 327.9
          Lair |  25.9 |  25.9 |   0.5 |   5.7 |   6.2 | 409.0
         Swamp |   8.9 |   8.9 |   0.4 |   3.2 |   7.8 | 210.8
  Orcish Mines |   7.8 |   7.8 |   0.5 |   1.1 |  11.8 | 369.5
         Sewer |   2.2 |   2.2 |   0.0 |   0.0 |  10.7 | 206.0
       Volcano |   3.4 |   3.5 |   0.0 |   0.6 |   1.2 | 328.0
               +-------+-------+-------+-------+-------+----------------------

Table legend:
 A = Kills in this place as a percentage of kills in entire the game.
 B = Kills by you in this place as a percentage of kills by you in the entire game.
 C = Kills by friends in this place as a percentage of kills by friends in the entire game.
 D = Other kills in this place as a percentage of other kills in the entire game.
 E = Experience gained in this place as a percentage of experience gained in the entire game.
 F = Experience gained in this place divided by the number of levels of this place that you have seen.
                   A       B       C       D       E      F
               +-------+-------+-------+-------+-------+----------------------
         Total | 100.0 | 100.0 | 100.0 | 100.0 | 100.0 | 6684.3
       Dungeon |  48.5 |  48.8 |   0.0 |   0.0 |  36.4 | 4707.5
          Lair |  23.3 |  22.9 |  83.3 |   0.0 |  30.5 | 9860.7
         Swamp |  12.0 |  11.9 |  16.7 |   0.0 |  22.3 | 10820.5
  Orcish Mines |  13.1 |  13.1 |   0.0 | 100.0 |   7.2 | 6984.0
         Sewer |   2.0 |   2.0 |   0.0 |   0.0 |   0.0 |  47.0
       Volcano |   1.2 |   1.2 |   0.0 |   0.0 |   3.5 | 6772.0
               +-------+-------+-------+-------+-------+----------------------
